 Dungeon Crawl Stone Soup version 0.27-a0-216-g1fbed8a51c (webtiles) character file.

Game seed: 6971020468990868952

2657 dracfodder the Chiller (level 9, -1/49 HPs)
             Began as a Gargoyle Ice Elementalist on Jan 27, 2021.
             Slain by a wight
             ... wielding a +5 halberd
              (4 damage)
             ... on level 6 of the Dungeon on Jan 31, 2021.
             The game lasted 00:55:24 (7676 turns).

dracfodder the Chiller (Gargoyle Ice Elementalist)  Turns: 7676, Time: 00:55:24

Health: -1/49      AC: 10    Str: 12    XL:     9   Next: 62%
Magic:  15/19      EV: 12    Int: 19    God:
Gold:   341        SH:  0    Dex: 10    Spells: 1/21 levels left

rFire    . . .     SeeInvis .   a - +0 spear
rCold    . . .     Faith    .   (no shield)
rNeg     + . .     Spirit   .   e - +1 robe
rPois    ∞         Reflect  .   (no helmet)
rElec    +         Harm     .   (no cloak)
rCorr    +         Rampage  .   (no gloves)
Will     .....                  t - +0 pair of boots (curse)
Stlth    ++........             n - amulet of magic regeneration
HPRegen  0.16/turn              k - ring of resist corrosion
MPRegen  0.41/turn              (no ring)

@: very slightly contaminated
A: negative energy resistance 1, electricity resistance, unbreathing,
petrification resistance, miasma immunity, AC +6
a: no special abilities


You were on level 6 of the Dungeon.
You visited 1 branch of the dungeon, and saw 6 of its levels.
You also visited: Sewer.

You collected 341 gold pieces.

Inventory:

Hand Weapons
 a - a +0 spear (weapon)
 b - a +0 hunting sling
 v - a +1 flail of holy wrath
 w - a +0 arbalest
Missiles
 c - 30 bolts
 f - 25 poisoned darts
 g - 84 sling bullets
 h - 194 stones (quivered)
 l - 172 arrows
 A - 22 boomerangs
Armour
 e - a +1 robe (worn)
 t - a cursed +0 pair of boots (worn)
Jewellery
 k - a ring of resist corrosion (left hand)
 n - an amulet of magic regeneration (around neck)
Wands
 j - a wand of iceblast (3)
 o - a wand of charming (16)
Scrolls
 i - 7 scrolls of teleportation
 m - a scroll of fear {unknown}
 q - a scroll of fog
 s - a scroll of enchant armour
 u - a scroll of identify
 y - 2 scrolls of remove curse
 z - a scroll of vulnerability {unknown}
Potions
 p - 2 potions of curing
 r - 2 potions of mutation {unknown}
 x - a potion of berserk rage {unknown}


   Skills:
 + Level 2.6 Fighting
 + Level 2.4 Polearms
 + Level 4.1(4.4) Slings
 + Level 2.2(3.4) Throwing
 + Level 2.5 Dodging
 + Level 3.1 Stealth
 * Level 6.7 Spellcasting
 * Level 2.5 Conjurations
 * Level 1.6 Hexes
 * Level 1.0 Summonings
 * Level 7.7 Ice Magic
 + Level 0.3 Evocations


You had one spell level left.
You knew the following spells:

 Your Spells              Type           Power        Failure   Level
a - Freeze                Ice            100%         1%          1
b - Frozen Ramparts       Ice            70%          1%          3
c - Ozocubu's Armour      Ice            35%          1%          3
d - Summon Ice Beast      Ice/Summ       23%          17%         4
e - Hailstorm             Conj/Ice       25%          13%         4
f - Metabolic Englaciati  Hex/Ice        12%          38%         5

Your spell library contained the following spells:

 Spells                   Type           Power        Failure   Level
 Ice Form                 Ice/Tmut       21%          22%         4
 Simulacrum               Ice/Necr       10%          97%         6
 Freezing Cloud           Conj/Ice/Air   9%           98%         6
 Ozocubu's Refrigeration  Ice            17%          98%         7


Dungeon Overview and Level Annotations

Branches:
Dungeon (6/15)             Temple (0/1) D:6           Sewer (visited)

Altars:
Ashenzari
Elyvilon
Gozag
Nemelex Xobeh
Okawaru
Zin
The Shining One


Innate Abilities, Weirdness & Mutations

You are resistant to torment.
Your stone body is resilient. (AC +6)
You are immune to poison.
You resist negative energy. (rN+)
You are resistant to electric shocks. (rElec)
You can survive without breathing.
You are immune to petrification.
You are immune to miasma.


Message History

The wight resists.
Reach: a) +0 spear
Press: ? - help, Dir - move target, f - wight
Aim: a wight, wielding a +5 halberd and wearing a +0 robe (moderately damaged)
You could not reach far enough!
Reach: a) +0 spear
Press: ? - help, Dir - move target, f/p - wight
Aim: a wight, wielding a +5 halberd and wearing a +0 robe (moderately damaged)
You reach to attack!
You closely miss the wight.
The wight is moderately damaged.
The wight hits you from afar with a +5 halberd.
* * * LOW HITPOINT WARNING * * *
Your ice beast hits the wight.
Your ice beast freezes the wight.
The wight resists.
Casting: Summon Ice Beast (quite dangerous; 17% risk of failure)
Confirm with . or Enter, or press ? or * to list all spells.
The spell is quite dangerous to cast (17% risk of failure)!
Continue anyway?
You miscast Summon Ice Beast.
Nothing appears to happen.
The wight hits you from afar with a +5 halberd.
You die...

..####.####.#.##..#.#
###......##.#.....# #
###.##.#.##.#..##.#.# ##########
.......).##.....)...# #......#.)
#.###.##)##.##.###### #.####.#.#
#..#.........#.###.#####.####.#.#
...............##......#.##......
####..⌠...⌠..#####.###.#.##.#.#.#
...#.........###@..# #......#.#.#
##......>......#Y### ###......#..
###.........#zz.# ##########
###..⌠...⌠..#.#.# #
#.............#.# #
#.#.........###.# ####### ##
##.##.##.##.####.### #.....# #.
...............#...#####.....# #.
...............###...........# #.


You could see a wight and a friendly ice beast (summoned).

Vanquished Creatures
  Grinder (D:4)
  Sigmund (D:2)
  Menkaure (D:4)
  An orc warrior (D:6)
  Purgy (Sewer)
  An ice beast (D:5)
  A sky beast (D:5)
  A phantom (D:5)
  A centaur (D:6)
  An ogre (D:4)
  A black bear (D:6)
  A big kobold (D:5)
  3 bullfrogs (D:6)
  A scorpion (D:4)
  A wight (D:6)
  A howler monkey (D:6)
  A jelly (D:5)
  4 orc priests
  14 orc wizards
  A centaur skeleton (D:4)
  An iguana (D:4)
  A worker ant (D:4)
  11 gnolls
  8 adders
  2 ufetubi (D:6)
  An ooze (D:2)
  3 adder skeletons (D:4)
  3 worms
  4 dart slugs
  15 leopard geckos
  29 orcs
  8 bats
  11 giant cockroaches
  6 goblins
  2 hobgoblins
  12 jackals
  7 quokkas
  7 frilled lizards
  17 kobolds
  10 rats
196 creatures vanquished.

Vanquished Creatures (collateral kills)
  An ice beast (D:5)
  A centaur (D:5)
  A scorpion (D:6)
  A wight (D:6)
  A white imp (D:5)
  2 goblins (D:5)
7 creatures vanquished.

Vanquished Creatures (others)
  4 plants (D:5)
4 creatures vanquished.

Grand Total: 207 creatures vanquished

Notes
Turn   | Place    | Note
-------+----------+-------------------------------------------
     0 | D:1      | dracfodder the Gargoyle Ice Elementalist began the quest
                  | for the Orb.
     0 | D:1      | Reached XP level 1. HP: 10/10 MP: 3/3
    83 | D:1      | Reached XP level 2. HP: 15/15 MP: 1/5
   446 | D:1      | Reached XP level 3. HP: 19/19 MP: 4/6
   852 | D:2      | Reached skill level 1 in Throwing
   972 | D:2      | Reached XP level 4. HP: 24/24 MP: 3/7
  1186 | D:2      | Learned a level 3 spell: Frozen Ramparts
  1190 | D:2      | Learned a level 3 spell: Ozocubu's Armour
  1566 | D:2      | Found a broken altar of Ashenzari.
  1582 | D:2      | Noticed Sigmund
  1623 | D:2      | Killed Sigmund
  1624 | D:2      | Reached skill level 1 in Polearms
  1624 | D:2      | Reached skill level 5 in Ice Magic
  1624 | D:2      | Reached XP level 5. HP: 17/28 MP: 6/10
  1624 | D:2      | Reached XP level 6. HP: 21/33 MP: 6/11
  3422 | D:3      | Learned a level 4 spell: Summon Ice Beast
  3536 | D:3      | Found a glowing golden altar of the Shining One.
  3536 | D:3      | Found a white marble altar of Elyvilon.
  3537 | D:3      | Found a glowing silver altar of Zin.
  3786 | D:4      | Found a glowing drain.
  3816 | Sewer    | Entered a sewer
  3886 | Sewer    | Noticed Purgy
  3912 | Sewer    | Killed Purgy
  3913 | Sewer    | Reached XP level 7. HP: 21/37 MP: 9/13
  4212 | D:4      | Reached skill level 1 in Fighting
  4437 | D:4      | Reached skill level 6 in Ice Magic
  4442 | D:4      | Reached skill level 5 in Spellcasting
  4713 | D:4      | Reached XP level 8. HP: 43/43 MP: 11/15
  4718 | D:4      | Learned a level 4 spell: Hailstorm
  4767 | D:4      | Found an opulent altar of Gozag.
  4830 | D:4      | Reached skill level 1 in Slings
  4863 | D:4      | Noticed Grinder
  4874 | D:4      | Paralysed by Grinder for 7 turns
  4884 | D:4      | Paralysed by Grinder for 4 turns
  4895 | D:4      | Killed Grinder
  5019 | D:4      | Noticed Menkaure
  5039 | D:4      | Killed Menkaure
  5367 | D:4      | Upgraded the game from 0.27-a0-156-gbcd94eb011 to
                  | 0.27-a0-216-g1fbed8a51c
  5645 | D:5      | Entered Level 5 of the Dungeon
  5645 | D:5      | Found a sparkling altar of Nemelex Xobeh.
  6102 | D:5      | Found an iron altar of Okawaru.
  6136 | D:5      | Reached skill level 7 in Ice Magic
  6251 | D:5      | Reached XP level 9. HP: 49/49 MP: 18/18
  6986 | D:6      | Learned a level 5 spell: Metabolic Englaciation
  7166 | D:6      | Reached skill level 1 in Summonings
  7166 | D:6      | Found a staircase to the Ecumenical Temple.
  7487 | D:6      | Reached skill level 1 in Hexes
  7676 | D:6      | Slain by a wight

Illustrated notes

Levels and vault maps discovered:
D:1:      matt_arrival_grand_opening, layout_rooms
D:2:      layout_basic, ashenzari_conservatory_becter, minmay_splitting_lines,
          uniq_sigmund
D:3:      layout_loops_corners, good_gods_temple_1
D:4:      cheibrodos_barr_body, layout_loops_ring, nicolae_gozag_seed_capital,
          gup_sewer_entry_pipe, uniq_menkaure, uniq_grinder
D:5:      layout_cave_pools, kennysheep_okawaru_gauntlet,
          nemelex_xobeh_ov_fountains_minmay, abandoned_shop,
          lexackson_kobold_supper
D:6:      layout_loops_cross, minmay_temple_entry_large_hall,
          nicolae_underground_beach

Skill      XL: |  1  2  3  4  5  6  7  8  9 |
---------------+----------------------------+-----
Throwing       | 1 2 |  2.2
Polearms       | 1 2 |  2.4
Spellcasting   | 3 4 5 6 |  6.7
Ice Magic      | 5 6 7 |  7.7
Dodging        | 2 |  2.5
Fighting       | 1 2 |  2.6
Slings         | 3 4 |  4.1
Stealth        | 3 |  3.1
Summonings     | 1 |  1.0
Conjurations   | 2 |  2.5
Hexes          | 1 |  1.6
Evocations     | |  0.3

Action                   |  1- 3 |  4- 6 |  7- 9 || total
-------------------------+-------+-------+-------++-------
Melee: Spear             |    27 |   157 |   141 ||   325
 Fire: Hunting sling     |       |       |   149 ||   149
Throw: Dart              |    46 |    22 |    13 ||    81
       Stone             |       |     2 |     8 ||    10
 Cast: Freeze            |    35 |    33 |    10 ||    78
       Frozen Ramparts   |       |    10 |    34 ||    44
       Ozocubu's Armour  |       |     1 |    15 ||    16
       Summon Ice Beast  |       |       |    10 ||    10
       Hailstorm         |       |       |     1 ||     1
Evoke: Wand              |       |    14 |     5 ||    19
  Use: Scroll            |     3 |     6 |       ||     9
       Potion            |       |     1 |     4 ||     5
 Stab: Distracted        |     2 |       |     1 ||     3
       Sleeping          |     1 |     2 |       ||     3
Armor: Robe              |    12 |    44 |    91 ||   147
       Skin              |       |       |    13 ||    13
Dodge: Dodged            |    32 |   103 |    94 ||   229

Table legend: (Time is in decaauts)
 A = Elapsed time spent in this place.
 B = Non-inter-level travel time spent in this place.
 C = Inter-level travel time spent in this place.
 D = Time resting spent in this place.
 E = Time spent auto-exploring this place.
 F = Levels seen in this place.
 G = Mean time per level.
                   A        B        C        D        E       F      G
               +--------+--------+--------+--------+--------+-----+--------+
         Total |   7694 |   7576 |    118 |   2571 |   3227 |   7 | 1099.1 |
       Dungeon |   7429 |   7311 |    118 |   2449 |   3171 |   6 | 1238.2 |
         Sewer |    265 |    265 |      0 |    122 |     56 |   1 |  265.0 |
               +--------+--------+--------+--------+--------+-----+--------+

Top non-repeatable levels by time:
     D:2: 1891 daAuts
     D:4: 1657 daAuts
     D:5: 1306 daAuts
     D:3: 1117 daAuts
     D:1: 742 daAuts
     D:6: 712 daAuts
   Sewer: 265 daAuts
